 Dungeon Crawl Stone Soup version 0.27-a0-1158-gaa87e14f67 (webtiles) character file.

Game seed: 10538154122060088092

2357 bilbop the Magician (level 9, 0/62 HPs)
             Began as a Djinni Summoner on May 16, 2021.
             Was a Follower of Yredelemnul.
             Collided with a rock wall (5 damage)
             ... caused by Erica
             ... on level 9 of the Dungeon.
             The game lasted 01:20:10 (8955 turns).

bilbop the Magician (Djinni Summoner)               Turns: 8955, Time: 01:20:11

Health: 0/62       AC:  9    Str:  7    XL:     9   Next: 71%
Gold:   335        EV: 12    Int: 19    God:    Yredelemnul [*.....] SH:  0 Dex: 15

rFire    + + .     SeeInvis +   a - +2 dagger (drain)
rCold    . . .     Faith    .   (no shield)
rNeg     . . .     Spirit   .   r - +2 animal skin
rPois    ∞         Reflect  .   s - +1 helmet
rElec    .         Harm     .   K - +1 cloak
rCorr    .         Rampage  .   d - +0 pair of gloves
Will     .....                  (boots unavailable)
Stlth    +++.......             q - amulet of regeneration
HPRegen  1.20/turn              x - ring of see invisible
MPRegen  0.00/turn              O - ring of protection from cold

@: flying
A: sickness immunity, fire resistance 2, cold vulnerability 1, float, innate
caster, hp casting, extra vitality 1
a: Renounce Religion, Animate Remains


You were on level 9 of the Dungeon.
You worshipped Yredelemnul.
Yredelemnul was aware of your devotion.
You visited 2 branches of the dungeon, and saw 10 of its levels.

You collected 605 gold pieces.
You spent 270 gold pieces at shops.

Inventory:

Hand Weapons
 a - a +2 dagger of draining (weapon)
 b - a +0 club
 i - a +0 dagger
 w - a +0 dagger of speed
 B - a +0 dagger of venom
Missiles
 e - 72 sling bullets
Armour
 d - a +0 pair of gloves (worn)
 r - a +2 animal skin (worn)
 s - a +1 helmet (worn)
 z - a +0 robe
 C - +0 steam dragon scales
 G - a +0 leather armour of positive energy
 K - a +1 cloak (worn)
Jewellery
 q - an amulet of regeneration (around neck)
 x - a ring of see invisible (left hand)
 M - a ring of positive energy
 O - a ring of protection from cold (right hand)
Wands
 t - a wand of polymorph (12)
 E - a wand of charming (11)
 F - a wand of flame (15)
 H - a wand of paralysis (18)
 L - a wand of acid (5)
 N - a wand of iceblast (8)
Scrolls
 g - 10 scrolls of identify {unknown}
 k - a scroll of noise {unknown}
 m - 2 scrolls of blinking {unknown}
 n - a scroll of torment {unknown}
 o - 3 scrolls of amnesia {unknown}
 p - 3 scrolls of vulnerability {unknown}
 y - 2 scrolls of enchant weapon {unknown}
 I - a scroll of silence {unknown}
 J - 2 scrolls of magic mapping {unknown}
Potions
 c - 3 potions of cancellation {unknown}
 f - 4 potions of berserk rage {unknown}
 h - 2 potions of haste
 j - 3 potions of flight {unknown}
 l - 3 potions of attraction {unknown}
 u - a potion of degeneration {unknown}
 v - 2 potions of curing {unknown}
 A - a potion of invisibility {unknown}
 D - a potion of heal wounds {unknown}


   Skills:
 + Level 4.2 Fighting
 + Level 4.0 Long Blades
 - Level 2.1 Dodging
 + Level 4.5 Stealth
 + Level 4.4 Shields
 * Level 6.1 Spellcasting
 + Level 4.3 Invocations


You couldn't memorise any spells.
You knew the following spells:

 Your Spells              Type           Power      Damage    Failure   Level
a - Summon Small Mammal   Summ           100%       N/A       1%          1
b - Call Imp              Summ           29%        N/A       1%          2
c - Call Canine Familiar  Summ           29%        N/A       2%          3
d - Summon Guardian Gole  Hex/Summ       29%        N/A       2%          3
e - Summon Lightning Spi  Summ/Air       29%        N/A       9%          4
f - Summon Ice Beast      Ice/Summ       29%        N/A       9%          4
g - Sting                 Tmut/Pois      100%       1d8       1%          1
h - Passwall              Tmut/Erth      24%        N/A       1%          2
i - Ignite Poison         Fire/Tmut/Pois 29%        N/A       2%          3
j - Inner Flame           Hex/Fire       29%        N/A       2%          3
Your spell library was empty.

Dungeon Overview and Level Annotations

Branches:
Dungeon (9/15)             Temple (1/1) D:5
   Lair: D:8-11         Orc: D:9-12

Altars:
Ashenzari
Cheibriados
Dithmenos
Elyvilon
Fedhas
Gozag
Hepliaklqana
Kikubaaqudgha
Makhleb
Nemelex Xobeh
Okawaru
Qazlal
Ru
Sif Muna
Trog
Uskayaw
Vehumet
Wu Jian
Xom
Yredelemnul
Zin
The Shining One

Shops:
D:4 [   D:8 *

Annotations:
D:9 Erica


Innate Abilities, Weirdness & Mutations

You are immune to sickness and miasma.
You are immune to poison.
Your flesh is very heat resistant. (rF++)
You are vulnerable to cold. (rC-)
You float through the air rather than walking.
You learn spells naturally, not from books.
Your magical power is your life essence.
You have superior vitality. (+4 HP)


Message History

Your ice beast dies!
Casting: Call Imp (safe; 1% risk of failure)
Confirm with . or Enter, or press ? or * to list all spells.
A metallic apparition takes form in the air.
Erica casts a spell at your hound.
Your hound struggles to resist.
Your hound barely misses Erica.
What are your orders? t - Shout!
Orders for allies: a - Attack new target. p - Attack previous target. r - Retreat! s - Stop attacking. g - Guard the area. f - Follow me.
Anything else - Cancel.
Gang up on whom?
Press: ? - help, Dir - move target, f/p - Erica
Aim: Erica, wielding a +3 scimitar of flaming and wearing a +0 robe (severely wounded, fast, slightly transparent, ally target) Attack!
Erica hits your hound with a +3 scimitar of flaming!
Erica burns your hound.
Your hound misses Erica. Erica closely misses your hound.
You swap places.
Erica is no longer moving quickly.
Your white imp disappears in a puff of smoke!
Your hound bites Erica.
Erica misses your hound.
Your hound bites Erica.
Your hound barely misses Erica.
Erica hits your hound with a +3 scimitar of flaming.
Erica burns your hound.
Your hound dies!
Your hound's corpse disappears in a puff of smoke!
Erica shouts!
Erica casts a spell at you.
Your white imp appears confused.
Your white imp barely misses Erica.
Erica barely misses you. Erica casts a spell at you.
The lance of force hits you!!
* * * LOW HITPOINT WARNING * * *
You are knocked back by the lance of force.
You slam into the rock wall!
You die...
Your body rises from the dead as a mindless zombie.

#.# #.# #.# #.# #### #.#
..# #.# ########.## #.#
###.....5.5.# #.#
.........@.@# ####'####
###.......5.# #.......#
#.........######.......#
#......)......##.......#
#.........###..'.......#
#######.### ####.......#
#...# #.......# #.###
#####+### #@


You could see Erica (invisible), a friendly iron imp (summoned) and 2 friendly
white imps.

Vanquished Creatures
  A steam dragon (D:8)
  2 sky beasts (D:8)
  A wight (D:8)
  2 orc priests (D:8)
  An orc wizard (D:8)
  An adder (D:6)
  An ufetubus (D:5)
  4 orcs
  An endoplasm (D:2)
  3 goblins
  4 jackals
  2 ball pythons (D:2)
  A bat (D:2)
  A frilled lizard (D:1)
  2 rats (D:2)
27 creatures vanquished.

Vanquished Creatures (collateral kills)
  Joseph (D:7)
  2 centaur zombies
  Maggie (D:7)
  Sigmund (D:5)
  A wyvern (D:7)
  Menkaure (D:4)
  Eustachio (D:5)
  A steam dragon (D:5)
  A water moccasin (D:8)
  Duvessa (D:7)
  2 orc warriors
  2 necrophages
  A centaur (D:7)
  4 ogres
  2 bullfrogs
  2 scorpions (D:5)
  Dowan (D:7)
  A water moccasin skeleton (D:6)
  3 wights (D:8)
  A nameless horror (D:8)
  A jelly (D:8)
  2 hounds
  3 orc priests
  4 orc wizards
  Ijyb (D:3)
  An iguana (D:2)
  A scorpion zombie (D:4)
  A howler monkey zombie (D:6)
  Robin (D:3)
  4 adders
  A howler monkey skeleton (D:4)
  A white imp (D:5)
  2 worms
  2 dart slugs
  19 orcs
  5 endoplasms
  5 giant cockroaches
  10 goblins
  6 hobgoblins
  A jackal (D:3)
  13 kobolds
  A quokka (D:4)
  A ball python (D:2)
  3 bats
  4 frilled lizards
  5 rats
128 creatures vanquished.

Vanquished Creatures (others)
  An orc wizard (D:5)
  A bullfrog zombie (D:9)
  2 orc zombies
  12 plants (D:1)
16 creatures vanquished.

Grand Total: 171 creatures vanquished

Notes
Turn   | Place    | Note
-------+----------+-------------------------------------------
     0 | D:1      | bilbop the Djinni Summoner began the quest for the Orb.
     0 | D:1      | Reached XP level 1. HP: 15/15 MP: 0/0
   663 | D:1      | Found a faded altar of an unknown god.
   999 | D:1      | Reached XP level 2. HP: 12/21 MP: 0/0
  2058 | D:2      | Reached XP level 3. HP: 23/26 MP: 0/0
  2058 | D:2      | Learned a level 1 spell: Sting
  2205 | D:2      | HP: 1/26 [iguana (6)]
  2210 | D:2      | Reached skill level 1 in Shields
  2853 | D:2      | Reached skill level 1 in Long Blades
  3302 | D:3      | Reached XP level 4. HP: 13/31 MP: 0/0
  3980 | D:3      | Noticed Robin
  4006 | D:3      | Reached skill level 1 in Invocations
  4022 | D:3      | Killed Robin
  4163 | D:3      | Noticed Ijyb
  4185 | D:3      | Killed Ijyb
  4186 | D:3      | Reached skill level 1 in Fighting
  4407 | D:3      | Reached XP level 5. HP: 37/37 MP: 0/0
  4407 | D:3      | Learned a level 2 spell: Passwall
  4550 | D:4      | Noticed Menkaure
  4762 | D:4      | Killed Menkaure
  4763 | D:4      | Reached XP level 6. HP: 27/42 MP: 0/0
  4970 | D:4      | Found Juwes's Antique Armour Emporium.
  5222 | D:5      | Entered Level 5 of the Dungeon
  5244 | D:5      | Reached skill level 4 in Spellcasting
  5261 | D:5      | Noticed an ogre
  5266 | D:5      | Noticed a necrophage
  5268 | D:5      | Killed an ogre
  5279 | D:5      | Killed a necrophage
  5308 | D:5      | Noticed Eustachio
  5332 | D:5      | Killed Eustachio
  5333 | D:5      | Reached XP level 7. HP: 49/49 MP: 0/0
  5333 | D:5      | Learned a level 3 spell: Ignite Poison
  5355 | D:5      | Found a staircase to the Ecumenical Temple.
  5367 | Temple   | Entered the Ecumenical Temple
  5452 | Temple   | Became a worshipper of Yredelemnul the Dark
  5588 | D:5      | Noticed Sigmund
  5638 | D:5      | Killed Sigmund
  5977 | D:5      | Noticed a steam dragon
  5989 | D:5      | Killed a steam dragon
  6389 | D:6      | Reached XP level 8. HP: 51/55 MP: 0/0
  7060 | D:7      | Found a white marble altar of Elyvilon.
  7152 | D:7      | Reached * piety under Yredelemnul
  7287 | D:7      | Noticed Joseph
  7333 | D:7      | Killed Joseph
  7334 | D:7      | Reached skill level 5 in Spellcasting
  7618 | D:7      | Noticed a wyvern
  7630 | D:7      | Killed a wyvern
  7643 | D:7      | Noticed Duvessa
  7643 | D:7      | Noticed Dowan
  7658 | D:7      | Killed Duvessa
  7668 | D:7      | Killed Dowan
  7762 | D:7      | Noticed Maggie
  7776 | D:7      | Killed Maggie
  7777 | D:7      | Reached XP level 9. HP: 51/61 MP: 0/0
  7777 | D:7      | Learned a level 3 spell: Inner Flame
  8108 | D:8      | Found Zaaxzuhe's Assorted Antiques.
  8114 | D:8      | Bought an embroidered cloak for 270 gold pieces
  8480 | D:8      | Reached skill level 6 in Spellcasting
  8917 | D:9      | Noticed Erica
  8955 | D:9      | Collided with a rock wall

Illustrated notes

Levels and vault maps discovered:
D:1:      psy_arrival_terrarium, layout_basic,
          shapermc_ecumenical_altar_notcrosses, lexackson_kobold_supper
D:2:      layout_loops_cross, minmay_tromino_v4_c
D:3:      layout_basic, minmay_crystal_room, uniq_ijyb, uniq_robin
D:4:      layout_cave_pools, serial_shops, kennysheep_mini_moat, uniq_menkaure
D:5:      layout_loops_cross, minmay_temple_entry_offerings, uniq_eustachio,
          uniq_sigmund
D:6:      layout_gridville, chequers_serial_rivers_micro_e
D:7:      layout_gridville, elyvilon_altar_1, uniq_duvessa,
          uniq_crazy_yiuf_cottage, uniq_maggie, uniq_joseph
D:8:      layout_basic, serial_shops, shop_statue,
          chequers_serial_rivers_micro_c
D:9:      layout_roguey, minmay_misc_feat_chi, uniq_psyche, uniq_erica,
          uniq_harold
Temple:   grunt_wide_crystal_templ

Skill      XL: |  1  2  3  4  5  6  7  8  9 |
---------------+----------------------------+-----
Shields        | 1 2 3 4 |  4.4
Stealth        | 2 3 4 |  4.5
Long Blades    | 1 2 3 4 |  4.0
Invocations    | 1 2 3 4 |  4.3
Fighting       | 1 2 3 4 |  4.2
Spellcasting   | 4 5 6 |  6.1
Dodging        | |  2.1

Action                   |  1- 3 |  4- 6 |  7- 9 || total
-------------------------+-------+-------+-------++-------
Melee: Dagger            |    81 |    38 |    31 ||   150
 Cast: Summon Small Mamm |    53 |    86 |    83 ||   222
       Call Imp          |     8 |    58 |   112 ||   178
       Sting             |     4 |       |     5 ||     9
       Call Canine Famil |       |     2 |    39 ||    41
       Ignite Poison     |       |       |     5 ||     5
       Summon Ice Beast  |       |       |    10 ||    10
       Summon Lightning  |       |       |     5 ||     5
Invok: Animate Remains   |       |       |     9 ||     9
 Stab: Sleeping          |     4 |       |     5 ||     9
Armor: Robe              |    19 |    12 |       ||    31
       Animal skin       |       |    10 |    19 ||    29
Dodge: Dodged            |    68 |    57 |    64 ||   189

Table legend: (Time is in decaauts)
 A = Elapsed time spent in this place.
 B = Non-inter-level travel time spent in this place.
 C = Inter-level travel time spent in this place.
 D = Time resting spent in this place.
 E = Time spent auto-exploring this place.
 F = Levels seen in this place.
 G = Mean time per level.
                   A        B        C        D        E       F      G
               +--------+--------+--------+--------+--------+-----+--------+
         Total |   8942 |   8627 |    315 |   1359 |   5433 |  10 |  894.2 |
       Dungeon |   8844 |   8570 |    274 |   1359 |   5378 |   9 |  982.7 |
        Temple |     98 |     57 |     41 |      0 |     55 |   1 |   98.0 |
               +--------+--------+--------+--------+--------+-----+--------+

Top non-repeatable levels by time:
     D:2: 1876 daAuts
     D:1: 1394 daAuts
     D:3: 1283 daAuts
     D:7: 1008 daAuts
     D:5: 872 daAuts
     D:8: 769 daAuts
     D:6: 762 daAuts
     D:4: 660 daAuts
     D:9: 217 daAuts
  Temple: 98 daAuts
